Map: King's Cove LE

Players

Astrea - Winner!

  • Race: Protoss Protoss
  • League: Grandmaster
  • Spawn Location: 11:00

JonSnow

  • Race: Zerg Zerg
  • League: Grandmaster
  • Spawn Location: 5:00

Event: 2019 WCS Winter Americas

VOD

Have the link to the VOD?

Description

Time

  • Played on: Feb. 8, 2019, 4:25 p.m.
  • Length: 17:25

All games in this series

Show
View Real Time Build Order
Export as new Build Order

Astrea Protoss - Winner!

Build Orders: Nexus First, Oracle Opening, Carriers 

Get SALT Encoding   

  12  0:00  Probe  
  13  0:12  Probe  
  14  0:18  Pylon  
  14  0:24  Probe  
  15  0:32  Probe  
  15  0:40  Probe  
  17  0:51  Probe  
  18  1:04  Nexus  
  18  1:08  Probe  
  19  1:17  Probe, Gateway  
  20  1:25  Probe  
  20  1:31  Assimilator  
  21  1:35  Assimilator, Probe  
  22  1:44  Pylon  
  22  1:49  Probe  
  23  2:02  Probe  
  23  2:03  Cybernetics Core  
  24  2:09  Zealot  
  24  2:14  Probe x2  
  27  2:22  Probe  
  28  2:26  Probe  
  30  2:32  Probe  
  30  2:35  Adept  
  31  2:38  Probe  
  31  2:39  Stargate  
  31  2:40  Warp Gate  
  32  2:48  Probe  
  35  2:52  Probe  
  36  3:00  Probe  
  36  3:04  Probe  
  36  3:05  Stalker  
  38  3:12  Probe  
  41  3:13  Oracle  
  41  3:14  Pylon  
  41  3:16  Probe  
  42  3:24  Probe  
  46  3:32  Probe  
  47  3:36  Probe  
  48  3:42  Nexus  
  48  3:45  Probe  
  49  3:48  Probe  
  49  3:50  Oracle  
  49  3:52  Pylon  
  53  3:57  Probe  
  53  4:01  Probe  
  54  4:10  Probe  
  54  4:13  Probe  
  56  4:17  Gateway x2  
  56  4:20  Assimilator x2  
  56  4:23  Probe  
  57  4:28  Shield Battery  
  57  4:29  Sentry  
  59  4:34  Probe, Pylon  
  59  4:37  Pylon  
  60  4:45  Probe  
  61  4:46  Probe  
  61  4:52  Pylon, Void Ray  
  66  4:53  Probe x2  
  66  4:54  Zealot, Probe  
  71  5:01  Probe x2  
  71  5:02  Probe  
  74  5:10  Probe  
  74  5:11  Probe  
  74  5:13  Sentry x2  
  80  5:15  Sentry  
  80  5:20  Probe, Forge  
  80  5:21  Twilight Council  
  83  5:22  Probe  
  83  5:27  Pylon  
  84  5:33  Pylon  
  84  5:34  Probe x3  
  87  5:36  Zealot x2, Protoss Ground Weapons Level 1, Pylon  
  91  5:46  Probe x3  
  91  5:48  Blink  
  94  5:51  Robotics Facility  
  94  5:53  Assimilator  
  94  5:55  Assimilator  
  94  5:58  Probe x3  
  94  6:03  Gateway  
  97  6:04  Gateway  
  97  6:10  Stalker, Probe  
  97  6:11  Stalker x2  
  104  6:34  Observer  
  104  6:35  Gateway  
  104  6:37  Gateway  
  104  6:39  Gateway  
  104  6:40  Robotics Bay  
  104  6:42  Robotics Facility  
  104  6:47  Warp Prism  
  105  6:48  Stalker x3  
  111  6:55  Pylon  
  111  6:57  Pylon  
  111  6:58  Pylon  
  113  7:06  Stalker x2  
  117  7:10  Nexus  
  117  7:11  Pylon  
  117  7:18  Colossus  
  117  7:19  Colossus  
  114  7:26  Protoss Ground Weapons Level 2  
  120  7:33  Photon Cannon  
  120  7:34  Extended Thermal Lance  
  126  7:37  Photon Cannon  
  126  7:42  Photon Cannon  
  124  7:49  Charge  
  124  7:51  Probe x3  
  127  7:54  Pylon  
  127  7:55  Observer  
  127  7:56  Colossus  
  127  8:01  Colossus  
  127  8:03  Probe x3  
  142  8:23  Gateway  
  142  8:24  Gateway  
  142  8:26  Templar Archives  
  142  8:27  Probe  
  142  8:28  Probe x3  
  142  8:29  Gateway  
  142  8:31  Assimilator x2  
  142  8:32  Gateway  
  146  8:41  Zealot x2  
  150  8:42  Zealot x2  
  150  8:47  Zealot x4  
  162  8:49  Observer  
  162  8:55  Colossus, Pylon x2  
  163  9:00  Pylon  
  169  9:09  Protoss Air Weapons Level 1  
  169  9:12  Colossus  
  169  9:16  High Templar x4  
  183  9:17  Zealot x2, Pylon  
  183  9:20  Archon x2  
  183  9:22  Nexus  
  187  9:29  Stargate  
  187  9:35  Fleet Beacon  
  186  9:49  High Templar x2  
  186  9:50  Zealot x6  
  194  9:54  Archon  
  194  10:28  Photon Cannon x2  
  194  10:30  Photon Cannon  
  194  10:32  Pylon  
  194  10:35  Assimilator  
  194  10:39  Assimilator  
  180  11:02  Carrier  
  177  11:05  Protoss Shields Level 1  
  165  11:12  Carrier  
  177  11:21  Stalker  
  177  11:22  Stalker, High Templar x3  
  177  11:23  Stalker x5, High Templar  
  199  11:30  Protoss Air Weapons Level 2  
  199  11:31  Archon x2  
  175  11:40  Probe x5  
  170  11:52  Probe  
  169  11:54  Probe  
  169  11:55  Probe x3, Warp Prism  
  169  11:57  Stargate, Photon Cannon  
  169  11:58  Stargate  
  169  12:00  Photon Cannon, High Templar x3  
  179  12:01  Shield Battery  
  179  12:04  Probe  
  179  12:07  Zealot x8, Probe x2  
  197  12:25  Photon Cannon  
  197  12:27  Photon Cannon x2  
  197  12:29  Photon Cannon x2  
  195  12:32  Photon Cannon  
  195  12:34  Photon Cannon, Carrier  
  195  12:36  Psionic Storm, Shield Battery  
  195  12:42  Carrier  
  195  12:44  Carrier  
  198  12:48  Cybernetics Core  
  190  12:57  Carrier  
  150  13:19  High Templar x4  
  164  13:20  High Templar  
  164  13:21  Zealot x2  
  164  13:24  Carrier  
  164  13:26  Archon  
  164  13:30  Zealot x4  
  164  13:33  Archon x2  
  164  13:34  Protoss Shields Level 2  
  176  13:47  Carrier  
  182  13:50  Protoss Air Weapons Level 3  
  182  13:54  High Templar x2  
  180  14:01  Carrier  
  180  14:07  High Templar x2  
  184  14:15  Nexus  
  184  14:17  Pylon  
  184  14:22  Carrier  
  190  14:29  Carrier  
  172  14:52  High Templar x2  
  176  14:53  Zealot x4  
  176  14:57  Archon  
  182  15:02  Carrier  
  186  15:07  Zealot x2  
  190  15:15  High Templar x2  
  190  15:16  High Templar  
  190  15:20  Carrier  
  194  15:43  Dark Shrine  
  194  15:44  Carrier x2  
  166  16:01  Archon x2  
  156  16:05  Observer  
  156  16:11  Zealot, High Templar x2  
  160  16:12  Zealot x8  
  180  16:18  Zealot  
  182  16:35  High Templar  
  182  16:36  High Templar x2, Photon Cannon  
  187  16:40  Assimilator  
  187  16:41  High Templar  
  187  16:44  Observer, Assimilator  
  187  16:47  Photon Cannon  
  189  16:48  Photon Cannon  
  190  16:59  Nexus  
Show
View Real Time Build Order
Export as new Build Order

JonSnow Zerg 

Build Orders: Hatch First, Muta Ling Bane 

Get SALT Encoding   

  12  0:00  Drone  
  13  0:13  Overlord  
  13  0:19  Drone  
  14  0:32  Drone x2  
  16  0:50  Hatchery  
  16  0:53  Drone  
  16  0:57  Drone  
  16  1:02  Drone  
  18  1:11  Extractor  
  17  1:18  Spawning Pool  
  17  1:21  Drone  
  17  1:26  Drone  
  17  1:30  Drone  
  19  1:40  Drone  
  20  1:50  Drone  
  21  2:02  Overlord  
  21  2:05  Queen x2  
  25  2:10  Zergling x2  
  25  2:13  Zergling x2  
  27  2:16  Metabolic Boost  
  27  2:21  Drone  
  28  2:23  Drone  
  29  2:40  Hatchery  
  29  2:43  Drone  
  29  2:44  Drone  
  30  2:52  Queen  
  30  2:58  Overlord  
  32  2:59  Drone  
  32  3:03  Drone  
  34  3:14  Overlord  
  34  3:16  Drone x4  
  38  3:20  Drone x2  
  38  3:21  Drone  
  38  3:25  Drone  
  38  3:26  Drone  
  43  3:32  Evolution Chamber  
  43  3:33  Drone x2  
  44  3:38  Drone x2  
  46  3:47  Overlord  
  46  3:48  Zergling x2  
  47  3:52  Spore Crawler  
  47  3:53  Spore Crawler  
  45  3:59  Drone x4  
  49  4:07  Queen  
  51  4:11  Overlord, Zerg Melee Weapons Level 1  
  51  4:15  Drone  
  51  4:16  Drone x2  
  51  4:25  Drone x6  
  51  4:30  Drone x2  
  60  4:31  Drone  
  60  4:35  Spore Crawler  
  59  4:39  Queen  
  59  4:43  Drone x2  
  63  4:49  Lair  
  63  4:50  Extractor  
  63  4:51  Queen  
  64  4:56  Overlord x2  
  64  4:59  Extractor  
  63  5:01  Overlord  
  63  5:04  Zergling x2  
  63  5:05  Zergling x2  
  65  5:12  Zergling x2  
  65  5:15  Overlord x2  
  65  5:19  Drone  
  65  5:20  Drone x7  
  73  5:27  Drone x4  
  73  5:28  Drone x2  
  77  5:31  Drone  
  78  5:38  Extractor, Drone x2  
  78  5:39  Extractor  
  78  5:42  Drone  
  79  5:43  Extractor  
  79  5:49  Hydralisk Den  
  77  5:56  Hatchery  
  76  5:57  Spire  
  76  5:58  Drone  
  76  5:59  Drone x6  
  82  6:09  Overlord  
  80  6:20  Zergling x6  
  80  6:22  Drone x6  
  80  6:23  Drone x2  
  86  6:25  Grooved Spines  
  86  6:27  Zerg Melee Weapons Level 2  
  86  6:31  Evolution Chamber, Baneling Nest  
  84  6:32  Hydralisk  
  84  6:33  Hydralisk x2  
  90  6:42  Hydralisk x3  
  96  6:48  Overlord  
  96  7:01  Drone x9  
  98  7:07  Zerg Missile Weapons Level 1  
  105  7:10  Zergling x12  
  105  7:12  Mutalisk  
  110  7:24  Centrifical Hooks  
  110  7:30  Hydralisk x8  
  110  7:34  Extractor  
  110  7:35  Extractor  
  124  7:40  Zergling x8  
  124  7:41  Overlord  
  124  7:42  Baneling  
  124  7:43  Baneling  
  127  7:46  Overlord  
  127  7:47  Overlord x3  
  127  8:01  Infestation Pit  
  127  8:02  Drone  
  127  8:03  Drone  
  127  8:09  Drone  
  127  8:10  Drone x5  
  133  8:26  Muscular Augments  
  133  8:29  Hydralisk x6  
  133  8:30  Hydralisk, Hatchery, Zergling x2  
  133  8:31  Zergling x14  
  133  8:33  Overlord  
  154  8:42  Hive  
  154  8:48  Overlord x3  
  154  8:51  Zerg Ground Armor Level 1  
  154  8:52  Drone x3  
  157  8:59  Zergling x18  
  165  9:08  Overlord  
  165  9:09  Overseer  
  165  9:10  Mutalisk  
  166  9:17  Baneling x8  
  166  9:19  Zergling x14  
  166  9:23  Baneling x18  
  173  9:27  Zergling x8  
  176  9:32  Zerg Missile Weapons Level 2  
  172  9:47  Drone x4  
  175  9:56  Viper x4  
  188  10:02  Zergling x2  
  188  10:03  Zergling x26  
  199  10:09  Greater Spire  
  199  10:13  Baneling  
  199  10:14  Baneling x17  
  199  10:20  Zergling x2  
  200  10:25  Baneling  
  200  10:26  Baneling x5  
  200  10:37  Adrenal Glands  
  200  10:44  Hatchery  
  190  10:51  Baneling x18, Zergling x2  
  190  10:52  Zergling x16  
  167  11:12  Zergling x38  
  186  11:21  Drone x4  
  186  11:22  Extractor x2  
  185  11:33  Corruptor x6  
  177  11:56  Spine Crawler  
  177  11:57  Zerg Missile Weapons Level 3  
  177  11:59  Spore Crawler, Corruptor  
  177  12:00  Corruptor x5  
  187  12:03  Baneling  
  187  12:04  Baneling x8  
  187  12:05  Zergling x20  
  197  12:12  Overseer  
  197  12:16  Zerg Melee Weapons Level 3  
  197  12:19  Spine Crawler  
  196  12:27  Baneling  
  196  12:28  Baneling x7  
  192  12:32  Hydralisk x3  
  198  12:44  Zerg Flyer Weapons Level 1  
  196  12:47  Zergling x4  
  196  12:48  Zergling x2  
  199  12:51  Baneling x2  
  199  12:52  Baneling x18  
  192  13:10  Zergling x2  
  192  13:11  Zergling x34  
  196  13:16  Zergling x2  
  193  13:32  Brood Lord x3  
  193  13:33  Hatchery  
  198  13:36  Brood Lord  
  198  13:38  Baneling x7  
  200  13:42  Baneling  
  200  13:43  Baneling x2  
  190  13:57  Hydralisk x4  
  198  14:04  Baneling x4  
  183  14:31  Hydralisk  
  183  14:32  Hydralisk x8, Zergling x2  
  190  14:39  Corruptor x4  
  198  14:46  Overlord x2, Overseer x3  
  198  14:54  Zerg Flyer Weapons Level 2  
  198  14:59  Drone x2  
  196  15:01  Zergling x2  
  196  15:02  Zergling x2  
  190  15:07  Corruptor x5  
  190  15:08  Corruptor  
  190  15:10  Zergling x2  
  190  15:11  Zergling x2  
  196  15:18  Drone x5  
  196  15:19  Drone x2  
  198  15:26  Overseer  
  198  15:28  Zergling x8  
  199  15:35  Zergling x2  
  199  15:41  Zergling x2  
  199  15:42  Zergling x2  
  199  15:56  Hydralisk x5  
  199  15:57  Hydralisk x6  
  166  16:05  Hydralisk  
  166  16:09  Hydralisk x3  
  166  16:10  Queen  
  166  16:11  Queen  
  175  16:17  Hydralisk x2  
  175  16:18  Hydralisk x2  
  179  16:22  Hydralisk x3  
  179  16:25  Baneling x4  
  183  16:26  Baneling  
  183  16:28  Zergling x2  
  183  16:32  Corruptor x4  
  190  16:36  Zergling x2  
  193  16:41  Baneling x4  
  193  16:44  Zergling x2  
  194  16:58  Zergling x10  
Tags
 
Add a new tag
Caveats
  • Supply blocks, unpowered buildings, or Contaminate may cause inaccurate times.
  • Supply counts are checked every 10 seconds.